[Event "Titled Tuesday Blitz March 28 Late 2023"]
[White "Koellner, Ruben Gideon"]
[Black "Bullen, Alex"]
[WhiteFideId "12993093"]
[BlackFideId "1801627"]
[WhiteElo "2303"]
[BlackElo "2088"]
[Result "1-0"]
[Round "01"]
[TimeControl "180+2"]
[Date "2023.03.28"]
[WhiteClock "0:02:34"]
[BlackClock "0:01:28"]

1. d4 Nf6 2. Nf3 d5 3. e3 c5 4. c3 cxd4 5. exd4 Nc6 6. Nbd2 Bg4 7. Bb5 e6 8. Qa4 Qc7 9. Ne5 Rc8 10. Qxa7 Bd6 11. Bxc6+ bxc6 12. Qxc7 Rxc7 13. Nxg4 Nxg4 14. Nf3 h6 15. Ke2 Kd7 16. Be3 Rb8 17. b4 Ra7 18. a4 Rba8 19. a5 e5 20. dxe5 Nxe3 21. Kxe3 Be7 22. Rhb1 c5 23. Kd3 cxb4 24. cxb4 Rc7 25. b5 Rac8 26. Rb3 Rc2 27. b6 Rxf2 28. b7 Rb8 29. a6 1-0


[Site "https://www.chess.com"]

[Event "Titled Tuesday Blitz March 28 Late 2023"]
[White "Lopez Perdomo, Juan David"]
[Black "Rastbod, Ali"]
[WhiteFideId "4405137"]
[BlackFideId "12567477"]
[WhiteElo "1965"]
[BlackElo "2211"]
[Result "0-1"]
[Round "01"]
[TimeControl "180+2"]
[Date "2023.03.28"]
[WhiteClock "0:00:23"]
[BlackClock "0:00:08"]

1. e4 c6 2. d4 d5 3. exd5 cxd5 4. Nf3 Nc6 5. c3 Bg4 6. Be2 e6 7. O-O Bd6 8. Bg5 Qc7 9. h3 Bh5 10. Nbd2 Nge7 11. Re1 O-O 12. Ne5 Bxe2 13. Qxe2 Bxe5 14. dxe5 Ng6 15. Nf3 b5 16. Qxb5 Ngxe5 17. Nxe5 Nxe5 18. Qe2 Nc4 19. b3 Nd6 20. Bf4 Qc6 21. c4 Nf5 22. Rac1 a5 23. Red1 d4 24. Be5 Rfd8 25. Rd3 f6 26. Bh2 e5 27. Re1 Re8 28. Qe4 Qxe4 29. Rxe4 a4 30. b4 a3 31. Rb3 Nd6 32. Rxd4 exd4 33. Bxd6 Re1+ 34. Kh2 Re2 35. b5 Rb2 36. Rxa3 Rxa3 37. Bxa3 Rxa2 38. Bc1 d3 39. b6 Ra1 40. Be3 Kf7 41. c5 Ke6 42. c6 Rb1 43. b7 g5 44. Kg3 Kd6 45. Kf3 Kxc6 46. Ke4 Kxb7 47. Kxd3 Kc6 48. Ke4 Rb5 49. Kf3 Kd6 50. Kg4 Ke6 51. Kh5 Kf5 52. Kh6 Rb7 53. g4+ Ke4 54. h4 gxh4 55. g5 fxg5 56. Kxg5 h3 57. Bf4 Rg7+ 58. Kh4 Kxf4 59. Kxh3 Kf3 60. Kh2 h5 61. Kh3 Rg4 62. Kh2 Kxf2 63. Kh3 Rc4 64. Kh2 Rh4# 0-1


[Site "https://www.chess.com"]

[Event "Titled Tuesday Blitz March 28 Late 2023"]
[White "Ehlvest, Jaan"]
[Black "Mazzilli, Piero"]
[WhiteFideId "4500016"]
[BlackFideId "807087"]
[WhiteElo "2442"]
[BlackElo "2180"]
[Result "1-0"]
[Round "01"]
[TimeControl "180+2"]
[Date "2023.03.28"]
[WhiteClock "0:00:50"]
[BlackClock "0:00:04"]

1. e4 c5 2. Nf3 d6 3. Bb5+ Bd7 4. Bxd7+ Qxd7 5. c4 Nc6 6. Nc3 Nf6 7. d4 cxd4 8. Nxd4 g6 9. Nde2 Bg7 10. h3 O-O 11. O-O Rfc8 12. Rb1 Qd8 13. b3 a6 14. a4 Rab8 15. Re1 Nb4 16. Bg5 h6 17. Be3 Qa5 18. f3 Kh7 19. Qd2 Nc6 20. Red1 Nd7 21. Qe1 Qd8 22. Qf2 Nb4 23. Rd2 Qh8 24. Bd4 Nc5 25. Bxg7 Qxg7 26. a5 Ncd3 27. Qe3 Nc5 28. Nd5 Nxd5 29. exd5 f5 30. Rc1 g5 31. b4 Nd7 32. Nd4 Qe5 33. Qf2 Nf8 34. Re1 Qf6 35. Qe2 Rc7 36. Qd3 Kg6 37. Rde2 Rbc8 38. Nxf5 Qxf5 39. Re6+ Nxe6 40. Rxe6+ 1-0


[Site "https://www.chess.com"]

[Event "Titled Tuesday Blitz March 28 Late 2023"]
[White "Barria Santos, Jose Guilherme"]
[Black "Sivakumar, Shaaketh"]
[WhiteFideId "1939300"]
[BlackFideId "30940176"]
[WhiteElo "2301"]
[BlackElo "2174"]
[Result "0-1"]
[Round "01"]
[TimeControl "180+2"]
[Date "2023.03.28"]
[WhiteClock "0:00:13"]
[BlackClock "0:00:56"]

1. e3 e6 2. d4 c5 3. Nf3 Nc6 4. c4 cxd4 5. exd4 d5 6. Nc3 Nf6 7. Bg5 Be7 8. Bd3 O-O 9. O-O h6 10. Bh4 Nb4 11. Bb1 dxc4 12. a3 Nbd5 13. Qc2 g5 14. Nxg5 hxg5 15. Bxg5 Re8 16. Nxd5 Qxd5 17. Be3 Bf8 18. Qe2 Bg7 19. f3 Nd7 20. Be4 Qh5 21. Qxc4 Nf6 22. Bd3 Bd7 23. Qb3 Bc6 24. Rac1 Nd5 25. Bd2 Bxd4+ 26. Kh1 Kg7 27. Qc4 e5 28. f4 Rh8 29. h3 Qxh3+ 30. gxh3 Nxf4+ 31. Kh2 Rxh3# 0-1


[Site "https://www.chess.com"]

[Event "Titled Tuesday Blitz March 28 Late 2023"]
[White "Aggelis, Nikolaos"]
[Black "koteRV1610"]
[WhiteFideId "4213220"]
[WhiteElo "2189"]
[BlackElo "2171"]
[Result "0-1"]
[Round "01"]
[TimeControl "180+2"]
[Date "2023.03.28"]
[WhiteClock "0:00:16"]
[BlackClock "0:00:39"]

1. c4 Nf6 2. g3 e6 3. Bg2 d5 4. Nf3 Be7 5. O-O O-O 6. b3 d4 7. Bb2 c5 8. e3 Nc6 9. b4 dxe3 10. fxe3 Nxb4 11. d4 Qc7 12. Na3 a6 13. Ne5 Rb8 14. Rc1 b6 15. Nc2 Bb7 16. Nxb4 cxb4 17. Bxb7 Qxb7 18. Qf3 Qxf3 19. Rxf3 Bd6 20. Rxf6 gxf6 21. Nd7 Rbc8 22. d5 e5 23. Nxf6+ Kg7 24. Ne4 Bb8 25. g4 f5 26. gxf5 Rxf5 27. Ng3 Rf3 28. Kg2 Rcf8 29. Rf1 Rxf1 30. Nxf1 Kg6 31. Nd2 Kf5 32. Kg3 e4+ 33. Kg2 Rg8+ 34. Kh1 Be5 35. Bc1 Rc8 36. Kg2 b5 37. a3 bxa3 38. Bxa3 bxc4 39. Kf2 c3 40. Nb3 c2 41. h3 Rc3 42. d6 Rxb3 43. d7 Bc7 44. Bd6 Bd8 0-1


[Site "https://www.chess.com"]

[Event "Titled Tuesday Blitz March 28 Late 2023"]
[White "Bongo Akanga Ndjila, Barthelemy"]
[Black "Adan Bermudez, Sergio"]
[WhiteFideId "10609431"]
[BlackFideId "2292726"]
[WhiteElo "1768"]
[BlackElo "2292"]
[Result "1/2-1/2"]
[Round "01"]
[TimeControl "180+2"]
[Date "2023.03.28"]
[WhiteClock "0:00:17"]
[BlackClock "0:00:40"]

1. d4 d5 2. c4 e6 3. Nc3 a6 4. cxd5 exd5 5. Nf3 Nf6 6. Bg5 Be6 7. Qc2 Bd6 8. e3 O-O 9. Bd3 c6 10. Bxh7+ Kh8 11. Bd3 Nbd7 12. O-O b5 13. a3 Rc8 14. e4 dxe4 15. Nxe4 Be7 16. Rad1 Nd5 17. Bxe7 Qxe7 18. Rfe1 Nf4 19. Bf1 Bf5 20. g3 Ne6 21. Nh4 Bh7 22. Qc1 Nf6 23. Ng5 Qd6 24. Nxe6 fxe6 25. Qg5 Ne4 26. Ng6+ Bxg6 27. Qxg6 Nxf2 28. Rd2 Rf6 29. Qh5+ Rh6 30. Qg5 Nh3+ 31. Bxh3 Rxh3 32. Kg2 Rh6 33. Re5 Rf8 34. Rde2 Qxd4 35. Rxe6 Rxe6 36. Rxe6 Qxb2+ 37. Kh3 Qb1 38. Rxc6 Qf1+ 39. Kh4 Qf7 40. Qh5+ Qxh5+ 41. Kxh5 Ra8 42. Rb6 Kh7 43. g4 Ra7 44. g5 g6+ 45. Rxg6 a5 46. Rb6 b4 47. axb4 a4 48. Rc6 a3 49. Rc1 a2 50. Ra1 Ra4 51. b5 Ra5 52. b6 Rb5 53. b7 Rxb7 54. Rxa2 Kg7 55. Rd2 Ra7 56. Rf2 Rb7 57. h4 Ra7 58. Rf6 Rb7 59. Rg6+ Kh7 60. Rh6+ Kg7 61. Rg6+ Kh7 62. Rh6+ Kg7 63. Rf6 Ra7 64. Rd6 Rb7 65. Rd5 Ra7 66. g6 Rb7 67. Kg5 Ra7 68. h5 Rb7 69. Re5 Ra7 70. h6+ Kf8 71. Rc5 Ra1 72. Rc8+ Ke7 73. Rc7+ Kf8 74. Rc8+ Ke7 75. Rc7+ Kf8 76. h7 Rg1+ 77. Kf6 Rf1+ 78. Kg5 Rg1+ 79. Kh6 Rh1+ 80. Kg5 Rg1+ 1/2-1/2


[Site "https://www.chess.com"]

[Event "Titled Tuesday Blitz March 28 Late 2023"]
[White "Janaszak, Dawid"]
[Black "Khatena, Moshe"]
[WhiteFideId "1119206"]
[BlackFideId "2010461"]
[WhiteElo "2220"]
[BlackElo "2163"]
[Result "1-0"]
[Round "01"]
[TimeControl "180+2"]
[Date "2023.03.28"]
[WhiteClock "0:00:11"]
[BlackClock "0:00:26"]

1. e4 Nf6 2. e5 Nd5 3. d4 d6 4. Nf3 g6 5. Be2 Bg7 6. O-O O-O 7. exd6 cxd6 8. c3 Nc6 9. Bg5 h6 10. Bh4 Nf4 11. Bc4 a6 12. Re1 b5 13. Bf1 Re8 14. a4 bxa4 15. Nbd2 Bb7 16. Rxa4 a5 17. Qb1 Qc7 18. Bg3 Nh5 19. Qd3 Nxg3 20. hxg3 Ba6 21. Qb1 Bxf1 22. Nxf1 Rab8 23. Ne3 Qb7 24. Ra2 Qb5 25. Qe4 Qb3 26. Rea1 Rbc8 27. Nd2 Qb5 28. g4 e5 29. d5 Ne7 30. c4 Qb4 31. Qc2 Rb8 32. b3 e4 33. Ra4 Qb6 34. R1a3 Ra8 35. Nxe4 Qd4 36. Ng3 Qb6 37. b4 Rec8 38. bxa5 Qd4 39. Qe4 Qf6 40. Qf3 Qd4 41. Ne4 Qe5 42. g3 Rcb8 43. Kg2 Rb1 44. a6 Qb2 45. Kh2 Qc1 46. Qg2 f5 47. Nxd6 fxg4 48. Nxg4 Qg5 49. Qh3 h5 50. Ne3 Rb2 51. Kg2 Qf6 52. Ne4 Qf5 53. Qxf5 Nxf5 54. Nxf5 gxf5 55. Nd6 f4 56. Nf5 f3+ 57. Kxf3 Rc2 58. Nxg7 Kxg7 59. Ke3 Kf6 60. f4 Kf5 61. Kd4 Rc1 62. a7 Rd1+ 63. Kc5 Rb8 64. Kd6 Rd8+ 65. Kc7 Rf8 66. a8=Q Rf7+ 67. Kc6 Rf6+ 68. Kc5 Rg6 69. Qc8+ Ke4 70. Ra6 Rxd5+ 71. cxd5 1-0


[Site "https://www.chess.com"]

[Event "Titled Tuesday Blitz March 28 Late 2023"]
[White "Adel, Sara"]
[Black "Jocev, Milan"]
[WhiteFideId "10616764"]
[BlackFideId "900680"]
[WhiteElo "1982"]
[BlackElo "2323"]
[Result "0-1"]
[Round "01"]
[TimeControl "180+2"]
[Date "2023.03.28"]
[WhiteClock "0:01:24"]
[BlackClock "0:01:41"]

1. e4 c6 2. d4 d5 3. Nc3 g6 4. e5 h5 5. Nf3 Nh6 6. h3 Bg7 7. Bd3 Nf5 8. Bg5 Qb6 9. Qd2 Nxd4 10. Nxd4 Qxd4 11. O-O-O Qxe5 12. Rhe1 Qxg5 13. Qxg5 Bh6 14. Rxe7+ Kf8 15. Re5 Bxg5+ 16. Rxg5 Nd7 17. Re1 Nc5 18. Kd2 Nxd3 19. Kxd3 Bf5+ 20. Kd2 h4 21. g4 hxg3 22. Rxg3 Re8 23. Rxe8+ Kxe8 24. Ne2 Rxh3 25. Nd4 Rxg3 26. fxg3 Kd7 27. Ke3 Be6 28. Kf4 f6 29. c3 g5+ 30. Ke3 c5 31. Nf3 Kd6 32. Nd2 b6 33. a3 Ke5 34. b4 Kf5 35. Kf3 d4 36. cxd4 cxd4 37. g4+ Ke5 38. Nf1 Bd5+ 39. Ke2 Be4 40. Nd2 Kf4 41. Nc4 Kxg4 42. Nd6 f5 43. Nf7 Kf4 44. a4 g4 45. a5 g3 46. axb6 axb6 47. Nd6 d3+ 48. Kd2 g2 0-1


[Site "https://www.chess.com"]

[Event "Titled Tuesday Blitz March 28 Late 2023"]
[White "Zeynalli, Rashad"]
[Black "Kornyukov, Alexey"]
[WhiteFideId "13403320"]
[BlackFideId "4150457"]
[WhiteElo "2125"]
[BlackElo "2352"]
[Result "1-0"]
[Round "01"]
[TimeControl "180+2"]
[Date "2023.03.28"]
[WhiteClock "0:00:20"]
[BlackClock "0:00:10"]

1. e4 c5 2. Nf3 Nc6 3. d4 cxd4 4. Nxd4 Nf6 5. Nc3 e5 6. Ndb5 d6 7. Bg5 a6 8. Na3 b5 9. Nd5 Be7 10. Bxf6 Bxf6 11. c3 O-O 12. Nc2 Bg5 13. a4 bxa4 14. Rxa4 a5 15. Bc4 Rb8 16. b3 Kh8 17. Nce3 g6 18. O-O f5 19. exf5 gxf5 20. Kh1 f4 21. Nc2 Ne7 22. Nxe7 Bxe7 23. Bd3 d5 24. Bxh7 Kxh7 25. Qh5+ Kg8 26. Qg6+ Kh8 27. Qh5+ Kg8 28. Qxe5 Qd6 29. Qh5 Rxb3 30. Rxa5 Rxc3 31. Rxd5 Qf6 32. Nd4 Rd3 33. Nc6 Rxd5 34. Qxd5+ Be6 35. Qe4 Bd6 36. Rd1 Bf7 37. Qf3 Re8 38. h3 Kf8 39. Nd4 Be5 40. Nb5 Rc8 41. Na7 Re8 42. Nc6 Bc7 43. Rd7 Be5 44. Qg4 f3 45. Qxf3 Qxf3 46. gxf3 Bf4 47. Rd4 Bh6 48. Rh4 Bg5 49. Rg4 Bf6 50. Nb4 Bb3 51. Nd3 Kf7 52. Nc5 Bd5 53. Kg2 Re2 54. Nd3 Ke7 55. Nf4 Rd2 56. Ng6+ Kf7 57. Nh4 Ke7 58. Nf5+ Kf7 59. Ne3 Ke7 60. Rf4 Ke6 61. Ra4 Rb2 62. Ra6+ Ke5 63. Nxd5 Kxd5 64. Rxf6 Ke5 65. Rg6 Kf5 66. Rg4 Kf6 67. h4 Kf5 68. h5 Kf6 69. h6 Rb5 70. Rh4 Rg5+ 71. Kh3 Rg8 72. h7 Rh8 73. Kg4 Kg6 74. f4 Kg7 75. Kg5 Kf7 76. Kf5 Kg7 77. Rg4+ Kxh7 78. Rh4+ Kg7 79. Rxh8 Kxh8 80. Ke6 Kg7 81. f5 Kf8 82. Kf6 Ke8 83. Kg7 Ke7 84. f6+ Kd6 85. f7 Ke5 86. f8=Q Ke4 87. Qf6 1-0


[Site "https://www.chess.com"]

[Event "Titled Tuesday Blitz March 28 Late 2023"]
[White "Michalski, Olaf"]
[Black "Plotnikov, Pavel"]
[WhiteFideId "1106740"]
[BlackFideId "4170342"]
[WhiteElo "2173"]
[BlackElo "2298"]
[Result "0-1"]
[Round "01"]
[TimeControl "180+2"]
[Date "2023.03.28"]
[WhiteClock "0:00:10"]
[BlackClock "0:00:41"]

1. d4 e6 2. Nf3 f5 3. g3 Nf6 4. Bg2 d5 5. O-O c6 6. Bf4 Be7 7. Nbd2 O-O 8. Ne5 Nbd7 9. Ndf3 Ne4 10. Nxd7 Bxd7 11. Ne5 Be8 12. c3 g5 13. Bc1 Bh5 14. f3 Nd6 15. Qb3 a5 16. a4 Qc7 17. Bd2 b5 18. Rae1 Bg6 19. Nxg6 hxg6 20. e4 Nc4 21. Bc1 f4 22. exd5 exd5 23. axb5 fxg3 24. bxc6 gxh2+ 25. Kh1 Bf6 26. Re6 Kf7 27. Rfe1 Rfe8 28. Rxe8 Rxe8 29. Rxe8 Kxe8 30. Qb7 Kd8 31. Qa8+ Qc8 32. Qa7 Qc7 33. Qa8+ Ke7 34. Qg8 Qxc6 35. Qxg6 Qe6 36. Bxg5 Bxg5 37. Qxg5+ Kd6 38. Kxh2 Nxb2 39. Qf4+ Kc6 40. Bh3 Qd6 0-1


[Site "https://www.chess.com"]

[Event "Titled Tuesday Blitz March 28 Late 2023"]
[White "Grebeniuk, Semen"]
[Black "KSho99"]
[WhiteFideId "14117509"]
[WhiteElo "2266"]
[BlackElo "2148"]
[Result "1-0"]
[Round "01"]
[TimeControl "180+2"]
[Date "2023.03.28"]
[WhiteClock "0:00:40"]
[BlackClock "0:00:03"]

1. d4 d5 2. Nf3 Nf6 3. c4 dxc4 4. e3 e6 5. Bxc4 c5 6. O-O a6 7. Qe2 b5 8. Bb3 Bb7 9. Rd1 Nbd7 10. a4 Qb6 11. Nc3 b4 12. a5 Qc7 13. Na4 cxd4 14. exd4 Be7 15. Ne5 Nxe5 16. dxe5 Nd7 17. Qg4 Qxe5 18. Bf4 Qf5 19. Qxg7 Qg6 20. Qxg6 hxg6 21. Rac1 e5 22. Rc7 exf4 23. Rdxd7 O-O 24. Rxb7 1-0


[Site "https://www.chess.com"]

[Event "Titled Tuesday Blitz March 28 Late 2023"]
[White "dDobravcan"]
[Black "Cori T., Deysi"]
[BlackFideId "3801934"]
[WhiteElo "2148"]
[BlackElo "2292"]
[Result "0-1"]
[Round "01"]
[TimeControl "180+2"]
[Date "2023.03.28"]
[WhiteClock "0:00:46"]
[BlackClock "0:01:17"]

1. e4 e6 2. d4 d5 3. e5 c5 4. c3 Nc6 5. Nf3 Nge7 6. Bd3 cxd4 7. cxd4 Nf5 8. O-O Nfxd4 9. Nxd4 Nxd4 10. Be3 Nf5 11. Bxf5 exf5 12. Nc3 Be6 13. Qa4+ Qd7 14. Qxd7+ Kxd7 15. Rfd1 Be7 16. Nxd5 Bxd5 17. Rxd5+ Ke6 18. Rad1 Rhc8 19. f4 Rc2 20. R1d2 Rac8 21. Kf2 Bb4 22. Rxc2 Rxc2+ 23. Kf3 a6 24. Rd3 Rxb2 25. Bd4 Rxa2 26. Rb3 Ra3 27. Rxa3 Bxa3 28. Ke3 Kd5 29. Kd3 Bc5 30. Bc3 b5 31. h3 g6 32. g4 b4 33. Bd2 a5 34. gxf5 gxf5 35. Bc1 a4 36. Bb2 a3 37. Ba1 b3 0-1


[Site "https://www.chess.com"]

[Event "Titled Tuesday Blitz March 28 Late 2023"]
[White "Fiorito, Joaquin"]
[Black "Hartikainen, Jarmo"]
[WhiteFideId "180173"]
[BlackFideId "503134"]
[WhiteElo "2157"]
[BlackElo "2145"]
[Result "1-0"]
[Round "01"]
[TimeControl "180+2"]
[Date "2023.03.28"]
[WhiteClock "0:01:26"]
[BlackClock "0:00:04"]

1. d4 Nf6 2. c4 e6 3. Nc3 Bb4 4. f3 d5 5. a3 Bxc3+ 6. bxc3 O-O 7. cxd5 exd5 8. e3 Re8 9. Bd3 b6 10. Ne2 Ba6 11. O-O Bxd3 12. Qxd3 Nbd7 13. Ng3 c5 14. Bb2 c4 15. Qd2 b5 16. Rae1 Qb6 17. Qf2 a5 18. e4 b4 19. e5 bxc3 20. Bxc3 Qb3 21. Qd2 Qxa3 22. Ra1 Qe7 23. exf6 Qxf6 24. Rxa5 Rxa5 25. Bxa5 h6 26. Bc3 Qh4 27. Re1 Rb8 28. Nf5 Qh5 29. Ne7+ Kh8 30. Nc6 Rb3 31. Ne5 Nf6 32. Bb4 Qf5 33. Nxf7+ Kh7 34. Ne5 h5 35. Bc3 h4 36. h3 Nh5 37. Ng4 Nf4 38. Re5 Qb1+ 39. Kh2 Rxc3 40. Qxf4 Rc1 41. Nf2 1-0


[Site "https://www.chess.com"]

[Event "Titled Tuesday Blitz March 28 Late 2023"]
[White "Winkels, Marcel"]
[Black "Di Berardino, Diego Rafael"]
[WhiteFideId "1003887"]
[BlackFideId "2105446"]
[WhiteElo "1900"]
[BlackElo "2432"]
[Result "0-1"]
[Round "01"]
[TimeControl "180+2"]
[Date "2023.03.28"]
[WhiteClock "0:00:16"]
[BlackClock "0:00:16"]

1. e4 Nf6 2. e5 Nd5 3. d4 d6 4. Nf3 dxe5 5. Nxe5 c6 6. Be2 Bf5 7. O-O Nd7 8. c4 N5f6 9. Nf3 e6 10. Nc3 Ne4 11. Re1 Be7 12. Bd3 Nxc3 13. bxc3 Bxd3 14. Qxd3 O-O 15. Rb1 b6 16. Bf4 Qc8 17. Ne5 Nxe5 18. Bxe5 Qd8 19. Qf3 Rc8 20. Re4 Bd6 21. Rbe1 Bxe5 22. Rxe5 Qd6 23. h4 Qa3 24. R1e2 Qa4 25. Qd3 h6 26. h5 Rfd8 27. c5 Rd5 28. cxb6 axb6 29. R5e3 c5 30. Re4 cxd4 31. cxd4 Rc1+ 32. Kh2 Rxh5+ 33. Kg3 Qb4 34. d5 Qd6+ 35. f4 Rxd5 36. Qe3 Rd3 37. Kh2 Rxe3 38. R4xe3 Qxf4+ 39. g3 Qf1 40. g4 Qh1+ 41. Kg3 Rg1+ 42. Kf4 Rf1+ 43. Ke5 Qd5# 0-1


[Site "https://www.chess.com"]

[Event "Titled Tuesday Blitz March 28 Late 2023"]
[White "MKlose11"]
[Black "Tsukerman, Julia"]
[BlackFideId "2621649"]
[WhiteElo "2555"]
[BlackElo "1667"]
[Result "1-0"]
[Round "01"]
[TimeControl "180+2"]
[Date "2023.03.28"]
[WhiteClock "0:01:48"]
[BlackClock "0:00:05"]

1. e4 c5 2. Nc3 Nc6 3. g3 g6 4. Bg2 Bg7 5. d3 e6 6. Be3 d6 7. Qd2 Nge7 8. Bh6 O-O 9. h4 d5 10. h5 dxe4 11. Bxg7 e3 12. Qxe3 Nf5 13. Qd2 Nxg7 14. hxg6 fxg6 15. Qh6 Bd7 16. Qxh7+ Kf7 17. Nf3 Qf6 18. Qh4 Qxh4 19. Rxh4 Nf5 20. Rh7+ Ke8 21. Nb5 Kd8 22. Kd2 a6 23. Nc3 Kc7 24. Ne4 b6 25. Nfg5 Rae8 26. f4 Kc8 27. g4 Nfd4 28. Nd6+ Kc7 29. Nxe8+ Rxe8 30. c3 1-0


[Site "https://www.chess.com"]

[Event "Titled Tuesday Blitz March 28 Late 2023"]
[White "Vargas Rodriguez, Wilver"]
[Black "Mendez Fortes, Eduardo Jesus"]
[WhiteFideId "3509672"]
[BlackFideId "3502376"]
[WhiteElo "2238"]
[BlackElo "2307"]
[Result "0-1"]
[Round "01"]
[TimeControl "180+2"]
[Date "2023.03.28"]
[WhiteClock "0:00:03"]
[BlackClock "0:00:45"]

1. e4 e5 2. Nf3 Nc6 3. d4 exd4 4. Nxd4 Nf6 5. Nxc6 bxc6 6. Bd3 d5 7. e5 Nd7 8. O-O Nc5 9. f4 Nxd3 10. cxd3 h5 11. Kh1 Bf5 12. Be3 Qd7 13. Bg1 Be7 14. Nc3 h4 15. Rc1 h3 16. g3 c5 17. Qf3 Rd8 18. Rfe1 Kf8 19. Bf2 Rh6 20. Qd1 Bg4 21. Qa4 Bf3+ 22. Kg1 c6 23. Qc2 Qg4 24. Nd1 d4 25. Qd2 g5 26. b3 Rg6 27. Kf1 Bg2+ 28. Kg1 Qf3 29. Bxd4 cxd4 30. Qf2 gxf4 31. Qxf3 Bxf3 32. Kf2 Bd5 0-1


[Site "https://www.chess.com"]

[Event "Titled Tuesday Blitz March 28 Late 2023"]
[White "Ozates, Tuna"]
[Black "Djordjevic, Dejan N"]
[WhiteFideId "6354521"]
[BlackFideId "913316"]
[WhiteElo "2151"]
[BlackElo "2261"]
[Result "1-0"]
[Round "01"]
[TimeControl "180+2"]
[Date "2023.03.28"]
[WhiteClock "0:00:21"]
[BlackClock "0:00:01"]

1. c4 Nf6 2. Nc3 g6 3. g3 d6 4. Bg2 Bg7 5. d3 O-O 6. e4 Nc6 7. Nge2 a6 8. O-O Rb8 9. a4 Bd7 10. a5 Qc8 11. Re1 h6 12. Bf4 Nh5 13. Be3 Nf6 14. f3 Kh7 15. Qd2 Ne5 16. b3 Nc6 17. d4 Ng8 18. d5 Ne5 19. Bd4 c5 20. dxc6 bxc6 21. Reb1 c5 22. Be3 Nc6 23. Ra3 Qc7 24. Nd5 Qd8 25. h4 h5 26. Kh2 Nf6 27. Nef4 Ne5 28. Nxf6+ Bxf6 29. Nd5 Bg7 30. Bg5 f6 31. Be3 Nxc4 32. bxc4 Rxb1 33. f4 Bg4 34. Qc2 Rb8 35. f5 gxf5 36. exf5 Qd7 37. Be4 Rg8 38. Nf4 Bh6 39. Ne6 Bxe3 40. Rxe3 Rb4 41. Bd5 Rgb8 42. Qd3 Rb2+ 43. Bg2 R8b3 44. Nf8+ Kg7 45. Nxd7 Rxd3 46. Rxd3 Bxf5 47. Re3 Kf7 48. Nb6 Ra2 49. Nd5 e6 50. Nf4 Rxa5 51. Nxh5 Ra2 52. Nf4 a5 53. Rb3 a4 54. Rb7+ Ke8 55. h5 1-0


[Site "https://www.chess.com"]

[Event "Titled Tuesday Blitz March 28 Late 2023"]
[White "Eliteplayer3"]
[Black "Klenburg, Michael"]
[BlackFideId "14102072"]
[WhiteElo "2128"]
[BlackElo "2396"]
[Result "0-1"]
[Round "01"]
[TimeControl "180+2"]
[Date "2023.03.28"]
[WhiteClock "0:00:40"]
[BlackClock "0:01:23"]

1. e4 d6 2. d4 Nf6 3. Nc3 g6 4. f3 c6 5. Be3 Nbd7 6. Qd2 b5 7. a4 b4 8. Na2 a5 9. Bc4 d5 10. Bd3 dxe4 11. fxe4 e5 12. Nf3 exd4 13. Nxd4 Bb7 14. O-O Bg7 15. Bg5 Qb6 16. Qf2 O-O 17. c3 Ng4 18. Qf3 Nde5 19. Qg3 c5 20. Nf3 c4+ 21. Kh1 cxd3 22. cxb4 axb4 23. Qf4 Nf2+ 24. Rxf2 Qxf2 25. Nxe5 Qxf4 26. Bxf4 Rxa4 27. Nxd3 Rfa8 28. Ndc1 b3 29. Nxb3 Rxa2 30. Rd1 Bxe4 31. Nc5 Ra1 32. Bc1 Bh6 33. Nxe4 Rxc1 34. Rxc1 Bxc1 35. b4 Rb8 0-1


[Site "https://www.chess.com"]

[Event "Titled Tuesday Blitz March 28 Late 2023"]
[White "Bilan, Danila"]
[Black "Narva, Triin"]
[WhiteFideId "24161918"]
[BlackFideId "4502680"]
[WhiteElo "2182"]
[BlackElo "1944"]
[Result "1-0"]
[Round "01"]
[TimeControl "180+2"]
[Date "2023.03.28"]
[WhiteClock "0:00:29"]
[BlackClock "0:00:02"]

1. d4 d5 2. Nf3 g6 3. c4 Bg7 4. Nc3 c6 5. cxd5 cxd5 6. Bf4 Nf6 7. e3 O-O 8. h3 Ne4 9. Nxe4 dxe4 10. Nd2 f5 11. Bc4+ Kh8 12. h4 h5 13. f3 exf3 14. Nxf3 Nc6 15. O-O Qb6 16. Rb1 Bd7 17. Ng5 Rae8 18. Bf7 Rxf7 19. Nxf7+ Kg8 20. Ng5 e5 21. dxe5 1-0


[Site "https://www.chess.com"]

[Event "Titled Tuesday Blitz March 28 Late 2023"]
[White "Toma, Katarzyna"]
[Black "cryptoguru02"]
[WhiteFideId "1119907"]
[WhiteElo "2149"]
[BlackElo "2546"]
[Result "0-1"]
[Round "01"]
[TimeControl "180+2"]
[Date "2023.03.28"]
[WhiteClock "0:00:02"]
[BlackClock "0:00:17"]

1. e4 g6 2. d4 Bg7 3. Nc3 d6 4. Bc4 Nf6 5. Qe2 O-O 6. e5 Ne8 7. e6 f5 8. Nf3 c6 9. d5 b5 10. Bb3 b4 11. Nd1 Ba6 12. Qe3 Nc7 13. c4 bxc3 14. Nxc3 cxd5 15. Nxd5 Nc6 16. Bd2 Rb8 17. Rc1 Nxd5 18. Bxd5 Nb4 19. Bxb4 Rxb4 20. b3 Qa5 21. Qd2 Bh6 22. Qxh6 Re4+ 23. Kd1 Qxd5+ 24. Nd2 Re2 25. Re1 Rxf2 26. h4 Rxg2 27. h5 f4 0-1


[Site "https://www.chess.com"]

[Event "Titled Tuesday Blitz March 28 Late 2023"]
[White "Defend1r"]
[Black "Benevides Demasi, Joao Otavio"]
[BlackFideId "30916224"]
[WhiteElo "2544"]
[BlackElo "2106"]
[Result "1-0"]
[Round "01"]
[TimeControl "180+2"]
[Date "2023.03.28"]
[WhiteClock "0:01:41"]
[BlackClock "0:01:41"]

1. e4 c5 2. Nf3 e6 3. c3 d5 4. exd5 Qxd5 5. d4 Nc6 6. Na3 a6 7. Nc2 cxd4 8. Ncxd4 Nxd4 9. Qxd4 Qxd4 10. Nxd4 Nf6 11. Bf4 Bc5 12. Nf3 Nd5 13. Bg3 Bd7 14. Ne5 f6 15. Nxd7 Kxd7 16. O-O-O b5 17. a4 Kc6 18. a5 e5 19. Be2 Rhe8 20. Rd2 Rad8 21. Kc2 Nf4 22. Bf3+ Kc7 23. Rxd8 Rxd8 24. b4 Ba7 25. Re1 Nd3 26. Re2 Nf4 27. Bxf4 exf4 28. Re7+ Rd7 29. Rxd7+ Kxd7 30. Bb7 Bxf2 31. Bxa6 Kc6 32. Bc8 g5 33. Kd3 h5 34. c4 g4 35. c5 Be1 36. a6 1-0


[Site "https://www.chess.com"]

[Event "Titled Tuesday Blitz March 28 Late 2023"]
[White "Svicevic, Rastko"]
[Black "Pert, Richard G"]
[WhiteFideId "916315"]
[BlackFideId "404748"]
[WhiteElo "2071"]
[BlackElo "2441"]
[Result "0-1"]
[Round "01"]
[TimeControl "180+2"]
[Date "2023.03.28"]
[WhiteClock "0:00:01"]
[BlackClock "0:00:16"]

1. d4 Nf6 2. Bg5 c5 3. Bxf6 gxf6 4. d5 d6 5. c3 Nd7 6. e4 a6 7. a4 Ne5 8. Nd2 f5 9. f4 Ng6 10. exf5 Bxf5 11. g4 Bd7 12. f5 Ne5 13. Nc4 e6 14. Nxe5 Qh4+ 15. Kd2 dxe5 16. Kc2 exf5 17. Nf3 Qxg4 18. Nxe5 Qe4+ 19. Bd3 Qxd5 20. Nxd7 Qxd7 21. Re1+ Be7 22. Qh5 Rd8 23. Rad1 Qxa4+ 24. Kb1 Rg8 25. Bxf5 Rxd1+ 26. Rxd1 Qf4 27. Bxh7 Rg5 28. Qh3 Qg4 29. Qd3 Kf8 30. Be4 Re5 31. Bxb7 c4 0-1


[Site "https://www.chess.com"]

[Event "Titled Tuesday Blitz March 28 Late 2023"]
[White "Belov, Alexei"]
[Black "Manu_ChessExcelsior"]
[WhiteFideId "4128206"]
[WhiteElo "2543"]
[BlackElo "2092"]
[Result "1-0"]
[Round "01"]
[TimeControl "180+2"]
[Date "2023.03.28"]
[WhiteClock "0:01:48"]
[BlackClock "0:00:11"]

1. e4 c5 2. Nf3 Nc6 3. d4 cxd4 4. Nxd4 Nf6 5. Nc3 e5 6. Ndb5 d6 7. Bg5 a6 8. Na3 b5 9. Nd5 Be7 10. Bxf6 Bxf6 11. c3 O-O 12. Nc2 Rb8 13. h4 g6 14. g3 Bg7 15. Bg2 Bb7 16. O-O Ne7 17. Ncb4 f5 18. exf5 gxf5 19. Nxe7+ Qxe7 20. Bxb7 Rxb7 21. Nd5 Qf7 22. a4 f4 23. axb5 axb5 24. Ra6 f3 25. Rxd6 Qf5 26. Kh2 Rbf7 27. Ne3 Qe4 28. Qd5 Qa4 29. Rd7 b4 30. Rxf7 Rxf7 31. Nf5 Bf8 32. Qxe5 bxc3 33. bxc3 Qg4 34. Ne3 Qc8 35. Rb1 Re7 36. Qg5+ Rg7 37. Qd5+ Rf7 38. Rb4 Qc7 39. Rg4+ Kh8 40. Nf5 Qc8 41. Qxf7 1-0


[Site "https://www.chess.com"]